[Event "51st Rilton Cup 2023-24"]
[Site "Stockholm"]
[Date "2024.01.02"]
[Round "6.4"]
[White "Prraneeth Vuppala"]
[Black "Moksh Amit Doshi"]
[Result "1/2-1/2"]
[ECO "C84"]
[WhiteElo "2515"]
[BlackElo "2366"]
[Annotator "TA"]
[PlyCount "141"]
[EventDate "2023.12.27"]
[EventType "swiss"]
[EventCountry "SWE"]
[SourceTitle "playchess.com"]
[Source "ChessBase"]
[SourceQuality "1"]
[TimeControl "40/5400+30:1800+30"]

1. e4 e5 2. Nf3 Nc6 3. Bb5 a6 4. Ba4 Nf6 5. O-O Be7 6. d3 b5 7. Bb3 d6 8. Bd2 O-O 9. h3 h6 10. Re1 {[%emt 0:02:55] White has an edge.} Re8 11. a4 {[%emt 0:07:19] And now axb5 would win.} Bd7 12. axb5 axb5 13. Nc3 Rb8 14. Nd5 Bf8 15. c3 Nxd5 {[%emt 0:04:42][%mdl 64] [#] Remove Defender} 16. exd5 (16. Bxd5 $5 Ne7 17. Bb3 $14) 16... Ne7 17. d4 Ng6 18. Bc2 f5 19. dxe5 (19. Nh2 $11 {feels stronger.}) 19... dxe5 $15 20. d6 Bxd6 $17 21. Bb3+ Kf8 22. Ra6 Qc8 23. Ra7 Be6 24. Bxe6 Qxe6 25. Nd4 (25. Qe2 $17 {was called for.}) 25... Qd7 26. Nb3 Ra8 27. Rxa8 Rxa8 28. Qf3 (28. Be3 $17) 28... Re8 ({Black should play} 28... Ra2 $19 29. Rb1 Ne7) 29. Qb7 f4 (29... Kg8 $142 30. Ra1 Rd8) 30. Qe4 Nh4 31. f3 (31. c4 $142) 31... Qf7 32. Na5 Bc5+ 33. Kh2 Qg6 34. Qxg6 Nxg6 35. c4 bxc4 36. Nxc4 Kf7 37. Rc1 e4 38. fxe4 Rxe4 39. Ba5 Bd6 40. Kh1 Ke6 41. Nd2 Re2 42. Nf3 {[%emt 0:00:08] Dodges Nh4} Kd7 43. Bc3 Ne5 44. Nd4 Re4 45. Nf5 Nd3 46. Rf1 g6 47. Nxh6 Re2 (47... Ke7 $17) 48. Nf7 $1 $11 Ke6 49. Nxd6 cxd6 {[%emt 0:00:18][%mdl 4096] Endgame KRB-KRN} 50. Kg1 Kf5 ({But not} 50... Nxb2 51. Rxf4 Nd1 52. Bh8) 51. Rd1 Ke4 52. b4 Rc2 53. Bg7 Rc7 (53... Nxb4 $2 54. Rd4+ (54. Rxd6 Rc1+ 55. Kh2 Nd3 $11) 54... Kf5 55. Rxb4 $18) 54. Bf8 d5 55. b5 d4 56. Rb1 Rb7 57. b6 Ne5 58. Bd6 Nc4 59. Bc7 d3 60. Kf2 g5 61. Rb5 Ne3 62. Ke1 Nxg2+ 63. Kd2 {[%emt 0:00:05] [#] Strongly threatening Kc3.} Ne3 $132 {[%emt 0:01:35][%mdl 2048] ...Nc4+ is the strong threat. Black puts up resistance} 64. Rb4+ Kf3 {[%emt 0:00:34] aiming for ...Nd5.} 65. Ra4 (65. Rd4 $11) 65... Nd5 $15 66. Bd8 $1 Kg2 ({Don't play} 66... Nxb6 67. Rb4 $11) 67. Ra5 Nxb6 {[%emt 0:00:47] Hoping for ...Nc4+.} 68. Rxg5+ ({Only move:} 68. Kxd3 $15 g4 69. hxg4) 68... Kxh3 (68... Kf3 $1 $17 69. Rg8 Rb8 70. Kxd3 Nd7) 69. Kxd3 {[%emt 0:00:39] Black is slightly better.} Rd7+ $1 70. Ke4 Rxd8 71. Kxf4 {[%emt 0:00:04] And White is the lucky defender.   Weighted Error Value: White=0.09 (flawless) /Black=0.10 (very precise)} 1/2-1/2

[Event "51st Rilton Cup 2023-24"]
[Site "Stockholm"]
[Date "2024.01.02"]
[Round "6.5"]
[White "Sivuk, Vitaly"]
[Black "Jarmula, Lukasz"]
[Result "1-0"]
[ECO "A20"]
[WhiteElo "2490"]
[BlackElo "2425"]
[Annotator "TA"]
[PlyCount "67"]
[EventDate "2023.12.27"]
[EventType "swiss"]
[EventCountry "SWE"]
[SourceTitle "playchess.com"]
[Source "ChessBase"]
[SourceQuality "1"]
[TimeControl "40/5400+30:1800+30"]

1. c4 e5 2. d3 Bb4+ 3. Nd2 f5 4. Ngf3 Nc6 5. e3 Nf6 {[%emt 0:01:32] [#]} 6. Be2 $146 {[%emt 0:01:48] A20: English Opening: 1...e5.} ({Predecessor:} 6. a3 Bxd2+ 7. Qxd2 d5 8. cxd5 Qxd5 9. Qc2 Be6 10. Bd2 Rd8 11. Bc3 O-O 12. Rd1 {½-½ Toth,S (2042)-Merenyi,G (2117) HUN-chT2 Maroczy 0506 2005 (5)}) 6... O-O 7. O-O e4 (7... Qe8 $11) 8. dxe4 $16 {[%emt 0:00:45] White is better.} fxe4 9. Nxe4 d6 (9... Nxe4 $16 10. Qd5+ Kh8) 10. a3 Nxe4 (10... Bc5 $16 11. Bd3 Nxe4) 11. Qd5+ Kh8 {[%emt 0:00:06] [#] aiming for ...Nf6.} 12. Qxe4 Bf5 13. Qh4 Bc5 14. b4 Bb6 15. Qxd8 Rfxd8 16. Bb2 a5 17. Bc3 Bg4 18. Rfd1 Rf8 19. h3 Bh5 20. Kf1 Rae8 21. Rac1 Bxf3 (21... axb4 $142 22. axb4 Bg6) 22. Bxf3 {[%emt 0:00:20] Hoping for bxa5.} Ne5 $2 (22... axb4 23. axb4 Ne5) 23. bxa5 ({Not} 23. Bxb7 Bxe3 24. Rc2 axb4 25. Bxb4 c5 $16) 23... Bc5 24. Ke2 (24. Bxb7 $142 Bxe3 25. Rc2) 24... Bxa3 $2 (24... c6 25. Bxe5 dxe5) 25. Rb1 Nxf3 $2 (25... b6 26. Ra1 Nxf3 27. Rxa3 Ng5 28. axb6 cxb6) 26. gxf3 $18 Rb8 27. Bd4 {[%emt 0:02:01] [#] Rg1 is the strong threat.} Bc5 28. Bxc5 dxc5 {[%emt 0:00:06][%mdl 4096] Endgame KRR-KRR} 29. Rd7 Rfc8 30. Rg1 g6 31. Rb1 b6 32. axb6 ({Less strong is} 32. a6 Ra8 33. Ra1 Ra7 $18) 32... cxb6 33. f4 Rc6 34. Ra1 {[%emt 0:00:37] Weighted Error Value: White=0.28 (precise) /Black=0.53} 1-0

[Event "51st Rilton Cup 2023-24"]
[Site "Stockholm"]
[Date "2024.01.02"]
[Round "6.6"]
[White "Sokolovsky, Yahli"]
[Black "Borgaonkar Akshay"]
[Result "1-0"]
[ECO "B19"]
[WhiteElo "2443"]
[BlackElo "2206"]
[Annotator "RC"]
[PlyCount "91"]
[EventDate "2023.12.27"]
[EventType "swiss"]
[EventCountry "SWE"]
[SourceTitle "playchess.com"]
[Source "ChessBase"]
[SourceQuality "1"]
[TimeControl "40/5400+30:1800+30"]

1. e4 c6 2. d4 d5 3. Nd2 dxe4 4. Nxe4 Bf5 5. Ng3 Bg6 6. h4 h6 7. Nf3 Nd7 8. Bd3 Bxd3 9. Qxd3 e6 10. Bf4 Ngf6 11. O-O-O Be7 12. Qe2 O-O 13. Ne5 Qa5 14. Kb1 Rad8 15. Rd3 Rfe8 16. Rhd1 c5 17. Ra3 Qc7 18. Nxf7 Qxf4 19. Nxd8 Bxd8 20. Rxa7 Qb8 21. Ra4 cxd4 22. Raxd4 Nc5 23. Nh5 b6 24. Qb5 Rf8 25. Nf4 e5 26. Rb4 exf4 27. Qxc5 Qb7 28. f3 Qf7 29. Qc4 Bc7 30. a4 Re8 31. Qxf7+ Kxf7 32. Rc4 Re7 33. Rc6 Kg6 34. c4 Kh5 35. c5 bxc5 36. Rxc5+ g5 37. hxg5 hxg5 38. a5 Bb8 39. Rd8 Ba7 40. Rc6 Ne8 41. b4 Kh4 42. b5 Bf2 43. b6 Re5 44. Rc2 Rxa5 45. Rxf2 Rb5+ 46. Rb2 1-0

[Event "51st Rilton Cup 2023-24"]
[Site "Stockholm"]
[Date "2024.01.02"]
[Round "6.7"]
[White "Olsson, William"]
[Black "Parkhov, Yair"]
[Result "0-1"]
[ECO "E11"]
[WhiteElo "2379"]
[BlackElo "2495"]
[Annotator "TA"]
[PlyCount "94"]
[EventDate "2023.12.27"]
[EventType "swiss"]
[EventCountry "SWE"]
[SourceTitle "playchess.com"]
[Source "ChessBase"]
[SourceQuality "1"]
[TimeControl "40/5400+30:1800+30"]

1. d4 Nf6 2. c4 e6 3. g3 Bb4+ 4. Bd2 Be7 5. Bg2 d5 6. Nf3 O-O 7. Qc2 a5 8. h4 c5 9. O-O {[%emt 0:11:37] The position is equal.} cxd4 10. Nxd4 Nc6 11. Bc3 Nb4 ({Don't play} 11... dxc4 12. Bxc6 (12. Nxc6 bxc6 13. Na3 Ba6 $11) 12... bxc6 13. Nxc6 $14) 12. Bxb4 axb4 13. Nd2 Qb6 14. e3 Bd7 15. N4f3 (15. Rfc1 $11) 15... Rfd8 {[%emt 0:02:07] Black is more active.} ({Black should play} 15... Rac8 $15 16. b3 dxc4 17. bxc4 Qc7) 16. Ne5 (16. cxd5 $11 {keeps the balance.} Rdc8 17. Qb1 (17. Nc4 $2 Qa6 $19)) 16... Ba4 $17 17. b3 Be8 18. cxd5 ({Better is} 18. Rfc1 $15) 18... Nxd5 19. e4 {[%emt 0:02:11] This move loses the game for White.} (19. Bxd5 $17 Rxd5 20. Nef3) 19... Nc3 (19... Ne3 $142 20. fxe3 Qxe3+ 21. Rf2 Qd4) 20. Nec4 $19 Qd4 21. e5 {[%emt 0:00:47] [#]} b5 $1 22. Nf3 {[%emt 0:02:03] [#]} (22. Nd6 Bxd6) 22... Qc5 23. Ne3 h6 ({Don't blunder} 23... Bc6 $2 24. Ng5 Bxg5 25. hxg5 $19) 24. Rfc1 Bc6 25. Qb2 Rd3 26. Kh2 Bxf3 27. Bxf3 Rad8 {[%emt 0:00:04][%cal Od3d2] aiming for ...Rd2!} 28. Rc2 {[%emt 0:02:11] Repels Rd2} Qxe5 29. Re1 Bc5 {[%emt 0:05:01] White is weak on the dark squares} (29... Bxh4 $2 {too greedy.} 30. Ng2 Qd4 31. Nxh4 $19) 30. Ng2 (30. Qc1 {was necessary.}) 30... Qb8 31. Bc6 Qb6 32. Be4 Rd1 {[%emt 0:01:07] Hoping for ...Rxe1.} 33. Bf3 Rxe1 34. Nxe1 e5 {[%emt 0:01:15][%cal Be6e5,Be5e4,Be4e3][%mdl 32] White must now prevent ...e4.} 35. Kg2 $2 (35. Rd2 Rxd2 36. Qxd2) 35... e4 36. Bg4 Qg6 37. Be2 e3 38. f4 Ne4 39. g4 Nc3 {[%emt 0:00:11] ( -> ...Nxe2)} 40. Bf3 Qf6 41. Kg3 g5 42. hxg5 hxg5 {[%emt 0:00:06] Black mates.} 43. fxg5 Bd6+ 44. Kg2 Qf4 45. g6 Be5 46. gxf7+ Kg7 47. a3 Rd2+ {[%emt 0:01:14] Excellently played by Parkhov!   Weighted Error Value: White=0.76/Black=0.16 (very precise)} 0-1

[Event "51st Rilton Cup 2023-24"]
[Site "Stockholm"]
[Date "2024.01.02"]
[Round "6.8"]
[White "Gorshtein, Ido"]
[Black "Dhulipalla Bala Chandra Prasad"]
[Result "1/2-1/2"]
[ECO "D16"]
[WhiteElo "2523"]
[BlackElo "2396"]
[Annotator "TA"]
[PlyCount "67"]
[EventDate "2023.12.27"]
[EventType "swiss"]
[EventCountry "SWE"]
[SourceTitle "playchess.com"]
[Source "ChessBase"]
[SourceQuality "1"]
[TimeControl "40/5400+30:1800+30"]

1. d4 d5 2. c4 c6 3. Nf3 Nf6 4. Nc3 dxc4 5. a4 e6 6. e3 c5 7. Bxc4 Nc6 8. O-O cxd4 9. exd4 Be7 {[%emt 0:01:40] D16: Slav Defence: 5 a4: Lines with 5...Bg4 and 5...Na6.} 10. Bg5 O-O 11. Re1 {[%emt 0:00:11] 11.Re1 is better than 11.Qd2.} h6 12. Be3 Nd5 13. Qe2 {[%emt 0:02:17] [#]} Bf6 $146 ({Predecessor:} 13... Ncb4 14. a5 Bf6 15. Ne4 Bd7 16. Nxf6+ Qxf6 17. Ne5 Bc6 18. Qd2 Rfd8 19. Ra3 Nxe3 20. Raxe3 {½-½ Nenezic,M (2528)-Gagunashvili,M (2552) SRB-chT Premier 2022 (6.5)}) 14. Rad1 b6 15. Bc1 Bb7 16. Ba2 (16. Ne5 $14) 16... Nce7 $11 17. Bb1 Rc8 18. Ne4 Ng6 19. g3 Re8 20. Bd2 Re7 21. Qd3 Rec7 22. a5 Be7 {[%emt 0:04:59] White should prevent ...f5.} 23. Ne5 Nf8 24. a6 ({Don't go for} 24. Qf3 $2 f6 25. a6 (25. axb6 $2 axb6 26. Qg4 fxe5 $19) 25... Ba8 $19) (24. axb6 $11 Nxb6 25. Nc3) 24... Ba8 $1 $15 25. Qe2 ({But not} 25. Qf3 $2 f5 26. Qh5 fxe4 $19) ({Better is} 25. Nc3 $15) 25... Bb4 ({Black should play} 25... f6 $17 26. Nd3 f5) 26. Qh5 (26. Bxb4 $1 $11 Nxb4 27. Nc3) 26... Bxd2 $17 27. Nxd2 Nb4 28. Ne4 Nxa6 29. d5 exd5 ({Black should try} 29... Bxd5 $17 {Strongly threatening ...Qe7.} 30. Nc3 Nb4) 30. Ng4 $11 {[%emt 0:00:02][%cal Oe4f6] [#] Nef6+! would be deadly.} Rc6 {[%emt 0:03:06] Dodges Nef6+} (30... dxe4 $11 31. Rxd8 Rxd8) 31. Ne5 {[%emt 0:03:41][%mdl 1024] White has strong compensation. White has more active pieces.} R6c7 32. Ng4 {[%emt 0:00:12][%cal Oe4f6] Hoping for Nef6+!} Rc6 {[%emt 0:01:38] Against Nef6+} 33. Ne5 ({White must play} 33. Rxd5 $16 Rc1 34. Rdd1 (34. Nef6+ $2 Kh8 $19) 34... Rxd1 35. Nxh6+ gxh6 36. Rxd1) 33... R6c7 34. Ng4 {[%emt 0:00:07] Weighted Error Value: White=0.32/Black=0.25 (precise)} 1/2-1/2

[Event "51st Rilton Cup 2023-24"]
[Site "Stockholm"]
[Date "2024.01.02"]
[Round "6.9"]
[White "Oratovsky, Michael"]
[Black "Costa, Leonardo"]
[Result "1-0"]
[ECO "B15"]
[WhiteElo "2421"]
[BlackElo "2472"]
[Annotator "TA"]
[PlyCount "63"]
[EventDate "2023.12.27"]
[EventType "swiss"]
[EventCountry "SWE"]
[SourceTitle "playchess.com"]
[Source "ChessBase"]
[SourceQuality "1"]
[TimeControl "40/5400+30:1800+30"]

1. e4 c6 2. d4 d5 3. Nd2 dxe4 4. Nxe4 Nf6 5. Nxf6+ exf6 6. c3 Bd6 7. Bd3 O-O 8. Ne2 Re8 9. O-O {[%emt 0:05:10] B15: Caro-Kann: 3 Nc3: 3...g6 and 3...dxe4 4 Nxe4 Nf6 5 Nxf6+ exf6.} (9. Qc2 $5 ) 9... Nd7 10. Ng3 Nf8 11. a4 {[%emt 0:05:38] White is slightly better.} a5 12. f4 {[%emt 0:02:46][%cal Bf2f4,Bf4f5][%mdl 32] [#]} Ne6 $146 (12... Qc7 $1 $14) ({Predecessor:} 12... c5 13. d5 Qc7 14. c4 Ng6 15. Qh5 Bd7 16. Bd2 Re7 17. Nf5 Bxf5 18. Qxf5 Rae8 {0-1 Kramnik,V (2753)-Remizov,Y (2421) Titled Tuesday intern op 02nd May Early blitz 2023 (11)}) 13. f5 $1 $16 {[%emt 0:18:30] White is more active.} (13. Qh5 g6 14. Qf3 f5 $15) 13... Nc7 14. Nh5 {[%emt 0:06:05][%cal Oc1h6] Black must now prevent Bh6!} Kh8 (14... Nd5 $16) 15. Qg4 $1 $18 g6 {[%emt 0:23:51] [#]} 16. Nxf6 Qxf6 17. Bg5 Qg7 18. Qh4 $1 Nd5 {[%emt 0:09:17] [#] Inhibits Bf6. Hoping for ...gxf5.} 19. c4 $1 Be7 (19... Bf4 {keeps fighting.} 20. f6 (20. Bxf4 Qxd4+ 21. Kh1 Nxf4 $14) 20... Qf8) 20. Rae1 (20. cxd5 $2 {too greedy.} Bxg5 21. Qxg5 Qxd4+ 22. Rf2 Qxd3 $19) ({Don't take} 20. f6 $6 Nxf6 21. Bh6 (21. Bxf6 Bxf6 22. Rxf6 Re3 $11) (21. Rxf6 Kg8 $11) 21... Qg8 22. Rxf6 c5 $18) 20... Be6 {[%emt 0:00:15] And now ...gxf5 would win.} 21. Bxe7 (21. fxe6 Bxg5 22. Qxg5 Qxd4+ 23. Kh1 f6 $14) 21... Nxe7 {[%emt 0:01:37] [#]} 22. f6 ({Not} 22. fxe6 f5 $16) 22... Qg8 (22... Qf8 {is a better defense.}) 23. fxe7 {[%emt 0:00:22] Black is weak on the dark squares} Qg7 24. Qf4 Rac8 25. Kh1 Rxe7 {[%emt 0:04:29] [#]} 26. d5 $1 cxd5 (26... Rd7 27. dxe6) 27. cxd5 Rd7 28. dxe6 Rxd3 29. exf7 {[%emt 0:00:55] White threatens Re8+ and mate.} Rdd8 {[%emt 0:00:25] Prevents Re8+} 30. Re7 {[%emt 0:00:57] Rfe1 would kill now.} b6 31. Qe3 Rf8 32. Re8 {[%emt 0:00:26] Weighted Error Value: White=0.06 (flawless) /Black=0.79} 1-0

[Event "51st Rilton Cup 2023-24"]
[Site "Stockholm"]
[Date "2024.01.02"]
[Round "6.10"]
[White "Socko, Monika"]
[Black "Rozentalis, Eduardas"]
[Result "1/2-1/2"]
[ECO "E18"]
[WhiteElo "2396"]
[BlackElo "2454"]
[Annotator "RC"]
[PlyCount "61"]
[EventDate "2023.12.27"]
[EventType "swiss"]
[EventCountry "SWE"]
[SourceTitle "playchess.com"]
[Source "ChessBase"]
[SourceQuality "1"]
[TimeControl "40/5400+30:1800+30"]

1. d4 Nf6 2. Nf3 e6 3. g3 b6 4. Bg2 Bb7 5. O-O Be7 6. c4 O-O 7. Re1 Na6 8. Nc3 Ne4 9. Bf4 Nxc3 10. bxc3 Be4 11. Bf1 d6 12. Nd2 Bb7 13. e4 Nb8 14. Qc2 Nd7 15. Rad1 e5 16. Be3 Re8 17. Bg2 Bf8 18. Nf1 Qe7 19. Bc1 g6 20. h4 Nf6 21. Bg5 h6 22. Bxf6 Qxf6 23. Ne3 h5 24. Nd5 Bxd5 25. cxd5 Rad8 26. a4 a5 27. Qd3 Bg7 28. Qf3 Qxf3 29. Bxf3 Re7 30. Re2 Kf8 31. Kf1 1/2-1/2

[Event "51st Rilton Cup 2023-24"]
[Site "Stockholm"]
[Date "2024.01.02"]
[Round "6.11"]
[White "Chasin, Nico"]
[Black "Ostlund, Joar"]
[Result "1-0"]
[ECO "D36"]
[WhiteElo "2444"]
[BlackElo "2326"]
[Annotator "RC"]
[PlyCount "45"]
[EventDate "2023.12.27"]
[EventType "swiss"]
[EventCountry "SWE"]
[SourceTitle "playchess.com"]
[Source "ChessBase"]
[SourceQuality "1"]
[TimeControl "40/5400+30:1800+30"]

1. d4 Nf6 2. c4 e6 3. Nc3 d5 4. cxd5 exd5 5. Bg5 c6 6. e3 h6 7. Bh4 Be7 8. Bd3 O-O 9. Qc2 Re8 10. Nge2 Nbd7 11. O-O a5 12. a3 b5 13. h3 Nb6 14. a4 b4 15. Nb1 Bd7 16. Nd2 g5 17. Bg3 c5 18. dxc5 Rc8 19. b3 Rxc5 20. Qb2 Ne4 21. Be5 Nxd2 22. Qxd2 Nxa4 23. bxa4 1-0

[Event "51st Rilton Cup 2023-24"]
[Site "Stockholm"]
[Date "2024.01.02"]
[Round "6.12"]
[White "Aoshima, Mirai"]
[Black "Bronstein, Or"]
[Result "1-0"]
[ECO "E11"]
[WhiteElo "2367"]
[BlackElo "2428"]
[Annotator "RC"]
[PlyCount "77"]
[EventDate "2023.12.27"]
[EventType "swiss"]
[EventCountry "SWE"]
[SourceTitle "playchess.com"]
[Source "ChessBase"]
[SourceQuality "1"]
[TimeControl "40/5400+30:1800+30"]

1. d4 Nf6 2. c4 e6 3. Nf3 Bb4+ 4. Nbd2 O-O 5. a3 Be7 6. e4 d6 7. Bd3 e5 8. d5 a5 9. O-O Nbd7 10. b3 Nh5 11. Re1 Nc5 12. Bc2 Nf4 13. Nf1 f5 14. Ng3 fxe4 15. Nxe4 b6 16. Bxf4 Rxf4 17. b4 Nd7 18. Nfd2 Nf8 19. g3 Rf7 20. c5 Ba6 21. Ba4 b5 22. Bc2 a4 23. Nf1 Nd7 24. c6 Nb6 25. Ne3 Bg5 26. h4 Bxe3 27. fxe3 h6 28. Qd3 Qe7 29. Nxd6 Qxd6 30. Qh7+ Kf8 31. Rf1 Nxd5 32. Bg6 Nf6 33. Qh8+ Ke7 34. Qxa8 Rf8 35. Qxa6 Ng4 36. Rxf8 Qxg6 37. Qc8 Nf6 38. Qd8+ Ke6 39. Rxf6+ 1-0

[Event "51st Rilton Cup 2023-24"]
[Site "Stockholm"]
[Date "2024.01.02"]
[Round "6.13"]
[White "Subelj, Jan"]
[Black "Dotzer, Lukas"]
[Result "1-0"]
[ECO "A13"]
[WhiteElo "2512"]
[BlackElo "2338"]
[Annotator "TA"]
[PlyCount "113"]
[EventDate "2023.12.27"]
[EventType "swiss"]
[EventCountry "SWE"]
[SourceTitle "playchess.com"]
[Source "ChessBase"]
[SourceQuality "1"]
[TimeControl "40/5400+30:1800+30"]

1. Nf3 Nf6 2. c4 e6 3. g3 d5 4. Bg2 dxc4 5. Qa4+ Bd7 6. Qxc4 c5 7. O-O Bc6 8. Nc3 {[%emt 0:00:18] The position is equal.} Nbd7 9. e4 Be7 10. Qe2 O-O 11. d4 cxd4 12. Nxd4 Ne5 13. Rd1 Qb6 14. Nxc6 bxc6 15. Be3 Qa5 16. h3 ({Reject} 16. f4 Neg4 17. Bd4 (17. e5 $2 Nxe3 18. exf6 Bc5 $19) 17... Rad8 $11) 16... Bc5 17. Bxc5 Qxc5 18. Rac1 Qa5 {[%emt 0:16:55] Wards off Nd5} 19. b3 Ned7 20. Na4 Rac8 21. Rd6 Qb5 22. Qd2 Rc7 23. Qe3 Qe5 24. Rd2 Qa5 25. Rcd1 e5 (25... h6 $14) 26. Rd6 c5 27. Qc3 Qb4 28. Rc1 {[%emt 0:01:00] [#] aiming for Qxb4.} Rfc8 29. Nb2 Qxc3 30. Rxc3 Nb6 31. a4 Kf8 32. a5 Nbd7 33. Nc4 Ke7 34. Rd1 {[%emt 0:00:34] White is much more active.} Rb8 35. f4 ({White should play} 35. h4 $16) 35... Rc6 $2 {[%emt 0:00:33] This move loses the game for Black.} (35... exf4 $14 36. gxf4 Nh5) 36. Rcd3 (36. Nxe5 Nxe5 37. fxe5 Nd7 $11) 36... Re6 37. g4 Nf8 $2 (37... Rb7 {was called for.} 38. Nd6 (38. g5 Nh5 $18) 38... Rxd6 39. Rxd6 h6) 38. f5 $18 ({Less strong is} 38. Nxe5 g5 $18) ({Not} 38. fxe5 N6d7 $16) 38... Ra6 39. Nxe5 {[%emt 0:00:06] Black is weak on the light squares} h6 40. Nc4 N6d7 41. e5 Rb4 42. Re3 Rb8 43. Bd5 f6 44. e6 Ne5 45. Nxe5 fxe5 46. Bc4 Rxa5 (46... Rd6 $142) 47. Rxe5 Rc8 48. Kg2 Rc7 49. Kg3 Nh7 50. h4 Ra2 51. Bb5 {[%emt 0:00:00] Threatening mate with Rd7+.} Kf6 52. Red5 Rb2 53. Bc4 {[%emt 0:00:00] Intending Rd7 and mate.} Nf8 {[%emt 0:01:09] [#] Prevents Rd7} 54. Rd7 $1 Rc8 {[%emt 0:01:09] Against e7} (54... Nxd7 55. exd7) 55. Rf7+ {[%emt 0:00:00] White mates.} Ke5 56. e7 Nh7 57. Re1+ {[%emt 0:00:00] Weighted Error Value: White=0.19 (very precise) /Black=0.43} (57. Rd8 $142 Rg2+ 58. Kxg2 Kf4 59. e8=Q Rxd8 60. Qxd8 Kxg4 61. Be2+ Kf4 62. Qd6+ Ke4 63. Bf3+ Ke3 64. Re7#) 1-0

[Event "51st Rilton Cup 2023-24"]
[Site "Stockholm"]
[Date "2024.01.02"]
[Round "6.14"]
[White "Hillarp Persson, Tiger"]
[Black "Dragicevic, Drazen"]
[Result "1-0"]
[ECO "A34"]
[WhiteElo "2493"]
[BlackElo "2322"]
[Annotator "TA"]
[PlyCount "109"]
[EventDate "2023.12.27"]
[EventType "swiss"]
[EventCountry "SWE"]
[SourceTitle "playchess.com"]
[Source "ChessBase"]
[SourceQuality "1"]
[TimeControl "40/5400+30:1800+30"]

1. Nf3 Nf6 2. g3 g6 3. Bg2 Bg7 4. c4 d5 5. O-O O-O 6. cxd5 Nxd5 7. Nc3 c5 8. Qa4 Nb4 {[%emt 0:21:30] A34: Symmetrical English: 2 Nc3, lines with ...d5.} 9. a3 Bd7 10. Qd1 (10. Qb3 $5 Be6 11. Qa4 $11) 10... N4c6 {[%emt 0:02:52] The position is equal.} 11. d3 {[%emt 0:02:10] [#]} Qc8 $146 (11... Na6 $11) ({Predecessor:} 11... Nd4 12. Nxd4 cxd4 13. Ne4 Bc6 14. Bd2 a5 {½-½ Teplyi,I (2395)-Svane,R (2477) Copenhagen GM 2014 (7)}) 12. Be3 $14 Na6 13. Rc1 $1 Bh3 14. Qa4 Bxg2 15. Kxg2 Rd8 16. h4 Qd7 17. Ne4 ({White should play} 17. h5 $16) 17... Ne5 $11 18. Qxd7 (18. Nxc5 $2 Nxc5 19. Qxd7 Ncxd7 $19) 18... Nxd7 19. Rc2 (19. Bxc5 f5 20. Bxe7 fxe4 21. dxe4 Re8 $17) 19... b6 20. Rfc1 Nf6 21. Nxf6+ Bxf6 22. g4 Kf8 23. h5 Rd5 24. Rh1 gxh5 25. g5 (25. gxh5 Ke8 $11) 25... Bd4 (25... Bg7 $14) 26. Bxd4 $18 (26. Rxh5 $6 Bxe3 27. fxe3 Kg7 $16) 26... cxd4 27. Rxh5 Kg7 28. b4 {[%emt 0:02:13] Repels Nc5} Rad8 29. Rh4 R8d7 (29... e6 $16 30. Rc4 Nb8 31. Rhxd4 (31. Nxd4 b5 $17) 31... Rxd4 32. Nxd4 (32. Rxd4 Rxd4 33. Nxd4 e5 $16) 32... Rd5) 30. Rc4 (30. Rc1 $18 {and White stays clearly on top.}) 30... Nc7 $16 31. Rhxd4 {[%emt 0:01:52] White is more active.} ({Much less strong is} 31. Nxd4 Rxg5+ 32. Kf1 h5 $14) 31... Ne6 32. Rg4 b5 33. Rc1 R7d6 34. Kg3 Ra6 35. Rc3 Rd7 (35... Ra4 $16 36. d4 a5) 36. d4 Rc7 37. Rd3 Rc2 (37... Nf8 {is a better defense.} 38. d5 Rd6) 38. d5 $18 Nd8 39. Re4 e6 40. Nd4 ({Don't do} 40. d6 Rc1 41. Ne5 Rg1+ 42. Kf4 Rf1 $18) 40... Rc4 41. dxe6 Nxe6 42. Nxe6+ Rxe6 $2 (42... fxe6 43. Re5 h6 44. gxh6+ Kxh6 45. Rxb5 Rc7) 43. Rxe6 {[%emt 0:00:00] White is clearly winning.} fxe6 {[%emt 0:00:05][%mdl 4096] Endgame KR-KR} 44. Rd7+ Kg6 45. Rxa7 Re4 46. Kf3 Re5 47. Re7 Rf5+ 48. Ke3 {[%emt 0:00:00] [#] Threatens to win with f4.} Re5+ 49. Kd3 {[%emt 0:00:00] f4 is the strong threat.} Kxg5 (49... Rf5 $142 50. Ke3 Rxg5 51. Rxe6+ Kg7 52. Re7+ Kg6 53. Re6+ Kg7) 50. Rxh7 {[%emt 0:00:00] aiming for e4.} Rd5+ 51. Kc3 Rf5 52. f3 Re5 53. e4 {[%emt 0:00:00] [#] Hoping for Rc7.} Kf4 54. Kd4 Rg5 55. Rf7+ {[%emt 0:00:00] Weighted Error Value: White=0.10 (very precise) /Black=0.31} 1-0